 Dungeon Crawl Stone Soup version 0.19-a0-14-gde87d98 (webtiles) character file.

70 DeathGuardSTER the Charlatan (level 4, -5/32 HPs)
             Began as a Demonspawn Artificer on Apr 29, 2016.
             Slain by a river rat (8 damage)
             ... in a sewer.
             The game lasted 00:10:28 (1470 turns).

DeathGuardSTER the Charlatan (Demonspawn Artificer) Turns: 1470, Time: 00:10:29

Health: -5/32      AC:  0    Str: 12    XL:     4   Next: 4%
Magic:  6/6        EV: 13    Int: 14    God:
Gold:   57         SH:  0    Dex: 13    Spells: 0 memorised, 3 levels left

rFire  . . .     SeeInvis .     a - +0 short sword
rCold  + . .     Gourm    .     (no armour)
rNeg   . . .     Faith    .     (no shield)
rPois  .         Spirit   .     (no helmet)
rElec  .         Dismiss  .     (no cloak)
rCorr  .         Reflect  .     (no gloves)
SustAt .         Harm     .     (no boots)
MR     .....                    n - amulet of magic regeneration
Stlth  ++........               (no ring)
                                (no ring)

@: not resistant to hostile enchantments, unstealthy
A: cold resistance 1, spiny 1
a: no special abilities


You were in a sewer.
You were full.

You visited 1 branch of the dungeon, and saw 4 of its levels.
You also visited: Sewer.

You collected 57 gold pieces.

Inventory:

Hand Weapons
 a - a +0 short sword (weapon)
Missiles
 j - 3 tomahawks (quivered)
Armour
 h - a +2 chain mail
 k - a +2 robe of magic resistance
Jewellery
 n - an amulet of magic regeneration (around neck)
Wands
 c - a wand of flame (15/48)
 d - a wand of enslavement (15/24)
 e - a wand of random effects (15/48)
Scrolls
 i - a scroll of remove curse
Potions
 g - 2 potions of curing
 l - a potion of invisibility {unknown}
 m - a potion of agility {unknown}
Comestibles
 f - a bread ration


   Skills:
 + Level 1.3 Fighting
 + Level 1.0 Short Blades
 + Level 2.9 Dodging
 + Level 1.4 Stealth
 + Level 3.8 Evocations


You had 3 spell levels left.
You didn't know any spells.

Dungeon Overview and Level Annotations

Branches:
Dungeon (4/15)
 Temple: D:4-7

Altars:


Innate Abilities, Weirdness & Mutations

Your flesh is cold resistant.
You are partially covered in sharp spines.


Message History

The river rat bites you but does no damage.
The river rat is struck by your spines. The river rat bites you.
You finish taking off your +2 chain mail.
Eat which item? (? for menu, Esc to quit)
Okay, then.
Wear which item? (? for menu, Esc to quit)
The river rat closely misses you. The river rat is struck by your spines.
You kill the river rat!
You have reached level 4!
You feel clever.
Keep equipping yourself? [Y]es or [N]o only, please.
Keep equipping yourself?
You start putting on your armour.
You continue putting on your +2 robe of magic resistance.
The river rat bites you!
* * * LOW HITPOINT WARNING * * *
You continue putting on your +2 robe of magic resistance.
The river rat is struck by your spines. The river rat bites you!
You die...

###
#.#
#.#
#.#
#.#
#∩#
#r#
#r#
#@#
#r#
#.#
#.#
#.#
#.#
#≈#
#≈#


You could see a river rat and 2 rats.

Vanquished Creatures
  A hound (D:4)
  2 river rats
  A giant gecko (D:1)
  2 bats
  A giant cockroach (D:3)
  3 goblins (D:3)
  2 hobgoblins (D:3)
  2 jackals (D:3)
  3 kobolds
  2 quokkas (D:3)
  A ball python (D:3)
  4 rats (D:3)
24 creatures vanquished.

Notes
Turn   | Place    | Note
--------------------------------------------------------------
     0 | D:1      | DeathGuardSTER the Demonspawn Artificer began the quest for the Orb.
     0 | D:1      | Reached XP level 1. HP: 15/15 MP: 3/3
   841 | D:3      | Reached skill level 1 in Stealth
   847 | D:3      | Gained mutation: You are partially covered in sharp spines. [demonic ancestry]
   847 | D:3      | Reached XP level 2. HP: 21/21 MP: 4/4
   958 | D:3      | Found a glowing drain.
  1254 | D:3      | Gained mutation: Your flesh is cold resistant. [demonic ancestry]
  1254 | D:3      | Reached XP level 3. HP: 22/26 MP: 5/5
  1340 | D:4      | Noticed a scorpion
  1396 | D:4      | Reached skill level 1 in Short Blades
  1457 | Sewer    | Entered a sewer
  1468 | Sewer    | Reached XP level 4. HP: 13/32 MP: 6/6
  1470 | Sewer    | Slain by a river rat

Vault maps used:
D:1:      ncdulo_watergridlock, st_stairs_10
D:2:      old_standard_altar
D:3:      portal_sewer_entry_a
Sewer:    sewer_kobolds

Skill      XL: |  1  2  3 |
---------------+----------+-----
Dodging        | 2 |  2.9
Stealth        | 1 |  1.4
Short Blades   | 1 |  1.0
Fighting       | |  1.3
Evocations     | |  3.8

Action                   |  1- 3 |  4- 6 || total
-------------------------+-------+-------++-------
Melee: Short sword       |    70 |       ||    70
  Use: Scroll            |     8 |       ||     8
 Stab: Sleeping          |     1 |       ||     1
  Eat: Pizza             |     1 |       ||     1
       Meat ration       |     1 |       ||     1
Armor: Robe              |    22 |       ||    22
       Chain mail        |    13 |       ||    13
Dodge: Dodged            |    67 |       ||    67
